Map: Année zéro EC

Players

tytyty - Winner!

  • Race: Terran Terran
  • League: Master
  • Spawn Location: 1:00

Sorandom

  • Race: Zerg Zerg
  • League: Diamond
  • Spawn Location: 11:00

VOD

Have the link to the VOD?

Description

Time

  • Played on: April 9, 2019, 11:25 a.m.
  • Length: 9:05
Show
View Real Time Build Order
Export as new Build Order

tytyty Terran - Winner!

Build Orders: Command Center First (CC) 

Get SALT Encoding   

  12  0:01  SCV  
  13  0:13  SCV  
  14  0:20  Supply Depot  
  14  0:25  SCV  
  15  0:41  SCV  
  16  0:53  SCV  
  17  1:05  Command Center  
  17  1:10  SCV  
  18  1:22  SCV  
  18  1:24  Barracks  
  19  1:29  Refinery  
  19  1:34  SCV  
  20  1:48  Barracks  
  20  1:51  Supply Depot  
  20  1:52  SCV  
  21  2:06  SCV  
  22  2:12  Barracks Tech Lab  
  22  2:15  Supply Depot  
  22  2:17  Refinery  
  22  2:21  Refinery  
  22  2:27  Orbital Command  
  22  2:30  Marine  
  23  2:45  Orbital Command  
  23  2:48  Marine  
  24  2:56  Factory  
  24  3:01  SCV  
  24  3:13  SCV  
  24  3:14  Barracks  
  24  3:18  SCV  
  26  3:27  Barracks  
  26  3:30  SCV  
  26  3:33  SCV  
  28  3:42  Barracks  
  28  3:44  SCV  
  28  3:47  SCV  
  30  3:49  Factory Tech Lab  
  30  3:56  Barracks  
  30  4:00  SCV  
  30  4:02  SCV  
  32  4:06  Marine  
  33  4:12  SCV  
  33  4:13  Siege Tank  
  37  4:17  Stimpack  
  37  4:20  Barracks Reactor  
  37  4:22  Barracks Reactor  
  38  4:24  SCV  
  38  4:31  Starport  
  38  4:33  Barracks Reactor  
  38  4:35  SCV  
  39  4:39  Marine  
  39  4:45  Barracks Reactor  
  40  4:57  SCV  
  40  4:58  Marauder, SCV  
  44  5:02  Engineering Bay  
  44  5:07  Supply Depot  
  44  5:08  Marine x2  
  44  5:09  SCV, Marine  
  44  5:11  SCV  
  44  5:14  Marine  
  49  5:15  Marine  
  49  5:17  Marine  
  52  5:25  Starport Reactor  
  52  5:28  Siege Tank  
  52  5:29  Supply Depot  
  52  5:30  SCV  
  52  5:31  Supply Depot  
  52  5:32  SCV  
  52  5:34  Marine  
  58  5:35  Marine  
  58  5:37  Marine  
  58  5:40  Marine  
  58  5:41  Marine  
  62  5:43  Marine  
  62  5:44  Marine  
  62  5:49  Terran Infantry Weapons Level 1  
  64  5:50  SCV  
  64  5:52  SCV  
  64  5:53  Marine  
  64  5:55  Marine  
  64  5:56  Marine  
  69  5:58  Marine  
  69  6:00  Marine  
  71  6:05  Siege Tank  
  71  6:08  Marauder  
  76  6:11  Medivac  
  76  6:14  Medivac  
  76  6:15  Marine  
  76  6:17  Marine  
  76  6:18  Marine  
  83  6:22  Supply Depot  
  83  6:26  Supply Depot  
  83  6:28  Marine  
  83  6:29  Marine  
  83  6:30  Marine  
  86  6:42  Supply Depot  
  86  6:43  Marine  
  86  6:44  Siege Tank  
  86  6:45  Medivac  
  92  6:48  Combat Shield  
  92  6:52  Marine x2  
  94  6:54  Marine  
  94  6:57  Marine  
  94  6:58  Marine  
  97  7:02  Supply Depot  
  97  7:06  Supply Depot  
  97  7:15  Medivac  
  99  7:16  Siege Tank  
  99  7:17  Marine  
  99  7:18  Marine  
  99  7:20  Marine  
  105  7:24  Marauder  
  105  7:26  Marine  
  105  7:27  Marine  
  105  7:28  Marine  
  110  7:30  Marine  
  110  7:32  Marine  
  112  7:37  Marine  
  112  7:39  Marine  
  112  7:42  Marine  
  112  7:44  Marine  
  115  7:45  Marine  
  115  7:48  Siege Tank  
  120  7:52  Supply Depot  
  120  7:55  Supply Depot, Marine  
  120  7:56  Marauder  
  120  7:57  Marine  
  124  8:02  Marine  
  124  8:03  Marine  
  126  8:07  Concussive Shells  
  126  8:13  Marine x2  
  126  8:17  Marauder  
  120  8:20  Marine  
  120  8:25  Missile Turret  
  121  8:27  Missile Turret  
  121  8:31  Marine  
  121  8:32  Missile Turret, Marine  
  121  8:33  Marine  
  124  8:34  Marine  
  124  8:37  Marine  
  124  8:39  Marauder  
  128  8:47  Marine  
Show
View Real Time Build Order
Export as new Build Order

Sorandom Zerg 

Build Orders: Hatch First, Muta Ling Bane 

Get SALT Encoding   

  12  0:04  Drone  
  13  0:12  Drone  
  14  0:22  Overlord  
  14  0:28  Extractor  
  14  0:30  Drone  
  14  0:31  Extractor, Drone  
  16  0:41  Drone  
  17  0:57  Hatchery  
  16  1:11  Spawning Pool  
  16  1:13  Drone  
  16  1:17  Drone  
  17  1:23  Drone  
  18  1:32  Drone  
  19  1:34  Extractor  
  19  1:36  Overlord  
  18  1:49  Drone  
  19  1:58  Queen  
  19  2:00  Zergling x2  
  22  2:09  Drone x2  
  24  2:17  Queen  
  24  2:20  Drone  
  27  2:23  Drone  
  28  2:30  Drone  
  28  2:34  Queen  
  31  2:39  Drone x2  
  31  2:42  Drone  
  34  2:51  Overlord  
  34  3:12  Lair  
  34  3:15  Hatchery, Drone x2  
  35  3:21  Drone x2  
  35  3:23  Drone  
  35  3:26  Extractor  
  37  3:30  Spore Crawler  
  37  3:31  Drone  
  37  3:34  Drone  
  38  3:37  Drone  
  38  3:38  Drone  
  40  3:51  Drone x3  
  40  3:52  Overlord  
  43  4:04  Drone  
  43  4:06  Overlord  
  43  4:09  Queen  
  44  4:14  Spire  
  45  4:17  Overseer  
  45  4:19  Baneling Nest  
  45  4:20  Zergling x2  
  45  4:21  Drone  
  46  4:25  Drone  
  47  4:33  Queen  
  47  4:34  Drone  
  47  4:35  Drone  
  47  4:36  Zergling x2  
  52  4:43  Evolution Chamber  
  52  4:44  Zergling x2  
  52  4:45  Evolution Chamber  
  52  4:47  Zergling x2  
  52  4:49  Zergling x4  
  54  5:00  Zergling x10  
  59  5:08  Centrifical Hooks  
  59  5:10  Baneling x5  
  59  5:11  Baneling  
  59  5:19  Zergling x2  
  59  5:20  Zergling x6  
  63  5:23  Drone  
  63  5:24  Drone  
  65  5:35  Overlord x2  
  65  5:48  Drone  
  65  5:49  Overlord x2  
  66  5:50  Overlord  
  66  6:00  Zerg Melee Weapons Level 1  
  66  6:02  Zerg Ground Armor Level 1, Drone x4  
  70  6:04  Extractor  
  70  6:07  Extractor  
  70  6:10  Drone x3  
  71  6:19  Drone x2  
  71  6:20  Drone x4  
  77  6:29  Drone x5  
  82  6:36  Mutalisk  
  82  6:38  Zerg Flyer Weapons Level 1  
  84  6:43  Drone  
  84  6:44  Drone  
  84  6:45  Drone  
  84  6:46  Drone x2  
  89  6:47  Drone x3  
  92  6:55  Zergling x2  
  92  6:56  Zergling x14  
  100  7:11  Overseer  
  100  7:13  Mutalisk  
  100  7:14  Mutalisk  
  104  7:15  Zergling x2  
  104  7:16  Zergling x2, Overlord x5  
  106  7:23  Overlord  
  106  7:34  Overlord x2  
  106  7:36  Mutalisk x2  
  106  7:37  Mutalisk  
  106  7:38  Zergling x2  
  106  7:39  Zergling x8  
  117  7:53  Zergling x22  
  117  7:56  Overlord  
  128  8:10  Zergling x2  
  128  8:11  Zergling x8  
  104  8:20  Baneling  
  104  8:21  Baneling x14  
  102  8:34  Zergling x14  
  102  8:40  Zergling x4  
  111  8:48  Zergling x2  
Tags
 
Add a new tag
Caveats
  • Supply blocks, unpowered buildings, or Contaminate may cause inaccurate times.
  • Supply counts are checked every 10 seconds.